 Dungeon Crawl Stone Soup version 0.30.0-18-gc0e69614cb (webtiles) character file.

Game seed: 14299787390221782603

200 JanusIIV the Shooter (level 5, -4/32 HPs)
             Began as a Deep Elf Hunter on May 25, 2023.
             Was a Follower of Dithmenos.
             Killed by divine providence
             ... invoked by an orc priest
              (13 damage)
             ... on level 3 of the Dungeon.
             The game lasted 00:04:28 (1989 turns).

JanusIIV the Shooter (Deep Elf Hunter)              Turns: 1989, Time: 00:04:28

Health: -4/32      AC:  4    Str:  8    XL:     5   Next: 48%
Magic:  7/7        EV: 13    Int: 14    God:    Dithmenos [*.....]
Gold:   197        SH:  0    Dex: 20    Spells: 4/4 levels left

rFire   . . .        a - +0 shortbow
rCold   . . .        (shield currently unavailable)
rNeg    . . .        c - +0 leather armour
rPois   .            j - +0 helmet
rElec   .            (no cloak)
rCorr   .            (no gloves)
SInv    .            (no boots)
Will    .....        (no amulet)
Stlth   ++           (no ring)
HPRegen 0.25/turn    (no ring)
MPRegen 0.10/turn

%: no passive effects
@: wreathed by umbra
A: no striking features
a: Renounce Religion


You were on level 3 of the Dungeon.
You worshipped Dithmenos.
Dithmenos was aware of your devotion.
You visited 1 branch of the dungeon, and saw 3 of its levels.

You collected 197 gold pieces.

Inventory:

Hand Weapons
 a - a +0 shortbow (weapon)
 l - a +0 triple crossbow
Armour
 c - a +0 leather armour (worn)
 j - a +0 helmet (worn)
Scrolls
 b - 4 scrolls of immolation
 d - 2 scrolls of teleportation {unknown}
 g - 2 scrolls of fear {unknown}
 i - a scroll of enchant weapon {unknown}
 n - a scroll of magic mapping {unknown}
 o - a scroll of vulnerability {unknown}
 s - 2 scrolls of identify {unknown}
 t - a scroll of torment {unknown}
Potions
 e - 2 potions of resistance {unknown}
 f - a potion of flight {unknown}
 h - 2 potions of might {unknown}
 k - a potion of curing
 m - a potion of mutation {unknown}
 p - a potion of berserk rage {unknown}
 q - 2 potions of heal wounds {unknown}
 r - a potion of lignification {unknown}


   Skills:
 + Level 3.2 Fighting
 + Level 6.9 Ranged Weapons
 - Level 4.0 Dodging
 - Level 1.2 Stealth


You had 4 spell levels left.
You didn't know any spells.
Your spell library contained the following spells:

 Spells                   Type           Power      Damage    Failure   Level
 Lesser Beckoning         Tloc           0%         N/A       54%         2
 Gell's Gravitas          Tloc           0%         N/A       77%         3
 Teleport Other           Tloc           0%         N/A       77%         3


Dungeon Overview and Level Annotations

Branches:
Dungeon (3/15)

Altars:
Dithmenos

Shops:
D:1 =


Message History

The orc priest barely misses you. The orc closely misses you.
The orc priest misses you. The orc closely misses you.
You shoot an arrow. The arrow hits the orc priest!
The orc priest is severely wounded.
The orc priest invokes the aid of Beogh against you.
Pain shoots through your body! The orc hits you but does no damage.
You shoot an arrow.
The arrow hits the orc priest but does no damage.
The orc priest is severely wounded.
The orc priest hits you with a +0 club. The orc hits you with a +0 club.
The orc attacks as you move away! The orc barely misses you.
The orc priest mumbles some strange prayers to Beogh against you.
Beogh smites you!
* * * LOW HITPOINT WARNING * * *
You are too injured to fight recklessly!
You are too injured to fight recklessly!
Unknown command.
You shoot an arrow.
The arrow hits the orc but does no damage.
The orc priest miscasts a cantrip.
The orc hits you with a +0 club.
* * * LOW HITPOINT WARNING * * *
You feel better. The orc barely misses you. The orc attacks as you move away!
The orc closely misses you.
Things that are here:
a +0 club; a +0 chain mail; an orc corpse You are too injured to fight recklessly!
You are too injured to fight recklessly!
Unknown command.
You shoot an arrow.
The arrow hits the orc but does no damage.
The orc hits you with a +0 club.
* * * LOW HITPOINT WARNING * * *
The orc closely misses you.
You shoot an arrow. The arrow hits the orc!
You kill the orc!
Dithmenos accepts your kill.
The orc priest calls down the wrath of Beogh upon you.
Beogh smites you!
You die...

...... ##.# .....
### ##... #######
#.... ..##...
#.#.# #.##.##
#.#.# #.##.#
####.#.### #.##.#
#........###.##.#
#@##............#
#)##.........####
#o####.#######
#...).# ###
#.######


You could see an orc priest.

Vanquished Creatures
  A gnoll bouda (D:3)
  6 gnolls (D:3)
  2 adders
  2 worms
  2 dart slugs
  10 orcs (D:3)
  9 bats
  5 endoplasms
  2 giant cockroaches
  2 goblins (D:3)
  5 hobgoblins
  7 jackals
  3 quokkas (D:1)
  12 ball pythons
  4 frilled lizards
  2 kobolds
  6 rats
80 creatures vanquished.

Notes
Turn   | Place    | Note
-------+----------+-------------------------------------------
     0 | D:1      | JanusIIV the Deep Elf Hunter began the quest for the Orb.
     0 | D:1      | Reached XP level 1. HP: 12/12 MP: 3/3
   149 | D:1      | Reached XP level 2. HP: 17/17 MP: 4/4
   286 | D:1      | Found Wasteom's Jewellery Shoppe.
   370 | D:1      | Reached XP level 3. HP: 21/21 MP: 5/5
   777 | D:2      | Reached skill level 6 in Ranged Weapons
   993 | D:2      | Found a shadowy altar of Dithmenos.
  1003 | D:2      | Became a worshipper of Dithmenos the Shadowed
  1168 | D:3      | Reached XP level 4. HP: 27/27 MP: 6/6
  1209 | D:3      | Found a faded altar of an unknown god.
  1648 | D:3      | Reached XP level 5. HP: 20/32 MP: 7/7
  1921 | D:3      | Reached * piety under Dithmenos
  1989 | D:3      | Killed from afar by an orc priest

Illustrated notes

Levels and vault maps discovered:
D:1:      lemuel_arrival_cross, layout_basic, serial_shops, shop
D:2:      layout_basic, basic_altar
D:3:      layout_loops_corners, nicolae_overflow_ecumenical_swirl,
          hellmonk_ecumenical_altar_arch_garden

Skill      XL: |  1  2  3  4  5 |
---------------+----------------+-----
Fighting       | 2 3 |  3.2
Dodging        | 3 4 |  4.0
Ranged Weapons | 6 |  6.9
Stealth        | |  1.2

Action                     |  1- 3 |  4- 6 || total
---------------------------+-------+-------++-------
   Fire: Shortbow          |   122 |   108 ||   230
    Use: Potion            |       |     2 ||     2
 Armour: Leather armour    |    14 |    11 ||    25
  Dodge: Dodged            |    39 |    41 ||    80
